 Dungeon Crawl Stone Soup version 0.30-a0-757-ga6a79fd877 (webtiles) character file.

Game seed: 16258725596610590836

1337 MachoJfn the Chopper (level 8, -7/60 HPs)
             Began as a Demonspawn Gladiator on Feb 9, 2023.
             Was an Initiate of Hepliaklqana.
             Killed by nerve-wracking pain
             ... invoked by a shadow imp
             ... summoned by Eustachio
              (8 damage)
             ... on level 5 of the Dungeon.
             The game lasted 00:15:23 (4367 turns).

MachoJfn the Chopper (Demonspawn Gladiator)         Turns: 4367, Time: 00:15:24

Health: -7/60      AC: 11    Str: 16    XL:     8   Next: 35%
Magic:  8/8        EV:  8    Int: 11    God:    Hepliaklqana [......]
Gold:   288        SH:  6    Dex: 14    Spells: 7/7 levels left

rFire   . . .      SeeInvis .    a - +0 war axe
rCold   + . .      Faith    .    (no shield)
rNeg    . . .      Spirit   .    b - +0 chain mail
rPois   .          Reflect  .    c - +1 helmet
rElec   .          Harm     .    (no cloak)
rCorr   .          Rampage  .    (no gloves)
Will    .....                    (no boots) Stlth
                                 (no amulet)
HPRegen 0.30/turn                (no ring)
MPRegen 0.11/turn                (no ring)

@: hasted, very quick
A: large bone plates 2, demonic guardian 1, demonic touch 1, cold resistance 1
a: Renounce Religion


You were on level 5 of the Dungeon.
You worshipped Hepliaklqana.
Hepliaklqana was noncommittal.
You visited 2 branches of the dungeon, and saw 6 of its levels.

You collected 288 gold pieces.

Inventory:

Hand Weapons
 a - a +0 war axe (weapon)
Missiles
 d - 3 throwing nets
 e - a javelin
 j - 2 poisoned darts
 y - 6 atropa-tipped darts
Armour
 b - a +0 chain mail (worn)
 c - a +1 helmet (worn)
Wands
 t - a wand of flame (21)
Scrolls
 f - 2 scrolls of immolation
 g - 3 scrolls of identify
 h - 2 scrolls of fog
 i - 5 scrolls of teleportation
 l - 2 scrolls of amnesia
 m - a scroll of fear
 r - a scroll of enchant armour
 x - a scroll of magic mapping
Potions
 k - 2 potions of degeneration (quivered)
 o - a potion of cancellation {unknown}
 p - a potion of mutation
 s - a potion of brilliance {unknown}
 u - a potion of ambrosia {unknown}


   Skills:
 + Level 4.1 Fighting
 + Level 7.1 Axes
 + Level 2.0 Throwing
 + Level 4.5 Armour
 + Level 3.4 Dodging
 + Level 1.4 Stealth
 + Level 0.8 Shields


You had 7 spell levels left.
You didn't know any spells.
Your spell library contained the following spells:

 Spells                   Type           Power      Damage    Failure   Level
 Freeze                   Ice            0%         1d3       99%         1
 Frozen Ramparts          Ice            0%         1d1       100%        3
 Hailstorm                Conj/Ice       0%         3d3       100%        3
 Inner Flame              Hex/Fire       0%         N/A       100%        3
 Cause Fear               Hex            0%         N/A       100%        4
 Discord                  Hex            0%         N/A       100%        8


Dungeon Overview and Level Annotations

Branches:
Dungeon (5/15)             Temple (1/1) D:5

Altars:
Ashenzari
Cheibriados
Dithmenos
Fedhas
Gozag
Hepliaklqana
Kikubaaqudgha
Makhleb
Nemelex Xobeh
Okawaru
Qazlal
Sif Muna
Trog
Uskayaw
Vehumet
Wu Jian
Xom
Yredelemnul

Shops:
D:1 :

Annotations:
D:5 Eustachio


Innate Abilities, Weirdness & Mutations

You are mostly covered in large bone plates. (SH +6)
A weak demonic guardian rushes to your aid.
Your touch may inflict minor irresistible damage on your foes.
Your flesh is cold resistant. (rC+)


Message History

You slash the white imp!
The white imp is severely wounded.
You hit Eustachio but do no damage. You block the white imp's attack.
You barely miss the white imp. Your touch misses the white imp.
The white imp is severely wounded.
You miss Eustachio. You closely miss the shadow imp.
Eustachio hits you with a +0 falchion.
* * * LOW HITPOINT WARNING * * *
A demonic guardian appears!
The white imp barely misses you. You block the shadow imp's attack.
You barely miss Eustachio.
Eustachio is lightly wounded.
You barely miss the shadow imp. You closely miss the white imp.
Eustachio mumbles some strange words.
Eustachio blinks!
The white imp gestures at you.
The puff of frost hits you but does no damage.
You resist. The shadow imp hits you.
* * * LOW HITPOINT WARNING * * *
You hit the river rat but do no damage. You hit the shadow imp.
You slash the white imp!
You kill the white imp!
The white imp disappears in a puff of smoke!
You hit the ufetubus.
The ufetubus is heavily wounded.
You closely miss the river rat. You closely miss the shadow imp.
The ufetubus hits you but does no damage. x2
The river rat bites you but does no damage.
You block the shadow imp's attack.
You slash the ufetubus!
You kill the ufetubus!
The ufetubus disappears in a puff of smoke!
You closely miss the river rat. You completely miss the shadow imp.
Eustachio mumbles some strange words.
Eustachio blinks!
The river rat bites you.
* * * LOW HITPOINT WARNING * * *
A demonic guardian appears!
The shadow imp gestures at you. Pain shoots through your body!
You die...

#...##.# #...>..#.#
#...##.###.###..#.##
######.....###.....#
#...########.......
#...# #.##..## #...#
#.#.<... #.@5#
#.#.#.#. #...#
#.#...#. #.@5#
#.#####. #5§r#
#.......
#.§.########.######
#...†......#.#...##
#...###@.#.....#..#
##+####.###...###.#
#........#.....#..#
#........5)......##
.........)§......#


You could see Eustachio (ally target), a river rat (summoned, ally target), a
shadow imp (summoned), a friendly white imp (summoned) and a friendly shadow imp
(summoned).

Vanquished Creatures
  Pikel (D:4)
  Menkaure (D:5)
  A water moccasin (D:5)
  An ice beast (D:5)
  A phantom (D:5)
  Blork the orc (D:5)
  3 scorpions
  A hound (D:5)
  A jelly (D:5)
  An iguana (D:4)
  5 adders
  3 worms
  A dart slug (D:3)
  3 orcs
  3 ball pythons
  7 bats
  9 endoplasms
  2 giant cockroaches
  4 goblins
  5 hobgoblins
  3 jackals (D:5)
  2 quokkas
  2 frilled lizards
  9 kobolds
  2 rats
72 creatures vanquished.

Vanquished Creatures (collateral kills)
  4 gnolls (D:5)
  An adder (D:5)
5 creatures vanquished.

Vanquished Creatures (others)
  12 plants (D:1)
12 creatures vanquished.

Grand Total: 89 creatures vanquished

Notes
Turn   | Place    | Note
-------+----------+-------------------------------------------
     0 | D:1      | MachoJfn the Demonspawn Gladiator began the quest for the
                  | Orb.
     0 | D:1      | Reached XP level 1. HP: 16/16 MP: 1/1
   104 | D:1      | Found Tegaphei's Book Shop.
   181 | D:1      | Gained mutation: A weak demonic guardian rushes to your
                  | aid. [demonic ancestry]
   181 | D:1      | Reached XP level 2. HP: 22/22 MP: 2/2
   313 | D:1      | Reached skill level 3 in Axes
   765 | D:2      | Gained mutation: Your touch may inflict minor irresistible
                  | damage on your foes. [demonic ancestry]
   765 | D:2      | Reached XP level 3. HP: 22/27 MP: 3/3
  1113 | D:2      | Reached skill level 1 in Armour
  1214 | D:2      | Reached XP level 4. HP: 34/34 MP: 4/4
  1820 | D:3      | Found a faded altar of an unknown god.
  2075 | D:3      | Found an iron altar of Okawaru.
  2076 | D:3      | Found a basalt altar of Yredelemnul.
  2076 | D:3      | Found an ancient bone altar of Kikubaaqudgha.
  2545 | D:4      | Noticed a lemure
  2546 | D:4      | Noticed Pikel
  2547 | D:4      | Noticed a lemure
  2547 | D:4      | Noticed a lemure
  2547 | D:4      | Noticed a lemure
  2562 | D:4      | Killed Pikel
  2563 | D:4      | Reached skill level 5 in Axes
  2563 | D:4      | Reached skill level 1 in Stealth
  2563 | D:4      | Gained mutation: You are partially covered in large bone
                  | plates. (SH +4) [demonic ancestry]
  2563 | D:4      | Reached XP level 5. HP: 37/41 MP: 5/5
  2563 | D:4      | Reached XP level 6. HP: 42/47 MP: 6/6
  2563 | D:4      | Gained mutation: You are mostly covered in large bone
                  | plates. (SH +6) [demonic ancestry]
  2563 | D:4      | Reached XP level 7. HP: 46/52 MP: 7/7
  2814 | D:4      | Found a shimmering altar of Xom.
  3357 | D:4      | Gained mutation: Your body sometimes deteriorates upon
                  | taking damage. [potion of mutation]
  3357 | D:4      | Lost mutation: Your body sometimes deteriorates upon taking
                  | damage. [potion of mutation]
  3357 | D:4      | Gained mutation: Your flesh is cold resistant. (rC+)
                  | [potion of mutation]
  3418 | D:5      | Entered Level 5 of the Dungeon
  3642 | D:5      | Reached skill level 6 in Axes
  3783 | D:5      | Found a staircase to the Ecumenical Temple.
  3792 | Temple   | Entered the Ecumenical Temple
  3810 | Temple   | Became a worshipper of Hepliaklqana the Forgotten
  3923 | D:5      | Reached XP level 8. HP: 27/58 MP: 8/8
  4042 | D:5      | Noticed Menkaure
  4050 | D:5      | Killed Menkaure
  4301 | D:5      | Noticed Blork the orc
  4314 | D:5      | Noticed Eustachio
  4318 | D:5      | Killed Blork the orc
  4319 | D:5      | Reached skill level 7 in Axes
  4364 | D:5      | HP: 2/60 [shadow imp[Eustachio] (4)]
  4367 | D:5      | Killed from afar by a shadow imp

Illustrated notes

Levels and vault maps discovered:
D:1:      roderic_crop_circles_arrival_small, layout_rooms, serial_shops, shop
D:2:      minmay_inner_zag, layout_basic, serial_park_tiny_2
D:3:      layout_basic, grunt_temple_overflow_open,
          hellmonk_ecumenical_altar_defaced_shrine, st_stairs_1,
          kennysheep_generic_room_9
D:4:      layout_loops_corners, gammafunk_temple_overflow_wave, uniq_pikel
D:5:      layout_basic, nicolae_tso_swordbearing_angel,
          minmay_temple_entry_poolview, minmay_strange_pillars,
          grunt_ministairs_3, uniq_blork_the_orc, uniq_eustachio, uniq_menkaure
Temple:   nicolae_temple_no_exploring_needed

Skill      XL: |  1  2  3  4  5  6  7  8 |
---------------+-------------------------+-----
Dodging        | 3 |  3.4
Axes           | 3 5 6 7 |  7.1
Armour         | 1 3 4 |  4.5
Fighting       | 3 4 |  4.1
Stealth        | 1 |  1.4
Throwing       | 2 |  2.0
Shields        | |  0.8

Action                     |  1- 3 |  4- 6 |  7- 9 || total
---------------------------+-------+-------+-------++-------
  Melee: War axe           |    77 |    37 |    94 ||   208
         Touch             |     6 |    16 |    12 ||    34
         Punch             |     1 |       |     1 ||     2
  Throw: Throwing net      |       |     1 |     1 ||     2
    Use: Potion            |     2 |       |     6 ||     8
         Scroll            |     1 |     5 |     5 ||    11
   Stab: Sleeping          |     1 |       |       ||     1
         Held in net/web   |       |     1 |     1 ||     2
 Armour: Leather armour    |    14 |       |       ||    14
         Ring mail         |     1 |       |       ||     1
         Chain mail        |    13 |    13 |    47 ||    73
  Dodge: Dodged            |    49 |     9 |    40 ||    98
  Block: Other             |       |       |    36 ||    36

Table legend: (Time is in decaauts)
 A = Elapsed time spent in this place.
 B = Non-inter-level travel time spent in this place.
 C = Inter-level travel time spent in this place.
 D = Time resting spent in this place.
 E = Time spent auto-exploring this place.
 F = Levels seen in this place.
 G = Mean time per level.
                   A        B        C        D        E       F      G
               +--------+--------+--------+--------+--------+-----+--------+
         Total |   4391 |   3893 |    498 |    649 |   2620 |   6 |  731.8 |
       Dungeon |   4366 |   3891 |    475 |    649 |   2620 |   5 |  873.2 |
        Temple |     25 |      2 |     23 |      0 |      0 |   1 |   25.0 |
               +--------+--------+--------+--------+--------+-----+--------+

Top non-repeatable levels by time:
     D:4: 1076 daAuts
     D:3: 941 daAuts
     D:5: 922 daAuts
     D:2: 801 daAuts
     D:1: 624 daAuts
  Temple: 25 daAuts
